Selects Airborne Battlegroup
Selects Heavy Machine Gun Paradrop
Heavy Machine Gun Paradrop
Construct Weapon Support Center
Heavy Machine Gun Paradrop
Selects Paratrooper Squad Paradrop
Paratrooper Squad Paradrop
Paratrooper Squad Paradrop
Improved M9 Bazooka Rockets
Construct Medical Station
M3 Armored Personnel Carrier
Selects Smoke Bombing Run
Advanced Air Reconnaissance
Paratrooper Squad Paradrop
Grasshopper High-Altitude Recon Run
Grasshopper High-Altitude Recon Run
Paratrooper Squad Paradrop
Selects Carpet Bombing Run
Heavy Machine Gun Paradrop
Grasshopper High-Altitude Recon Run